[Event "Titled Tuesday Blitz May 10 Early 2022"]
[White "Matinian, Nikita"]
[Black "Arias, Juan Cruz"]
[WhiteFideId "24129100"]
[BlackFideId "118540"]
[WhiteElo "2422"]
[BlackElo "2091"]
[Result "0-1"]
[Round "08"]
[TimeControl "180+1"]
[Date "2022.05.11"]
[WhiteClock "0:00:05"]
[BlackClock "0:01:11"]

1. e4 c6 2. Nc3 d5 3. Nf3 Bg4 4. h3 Bxf3 5. Qxf3 e6 6. g3 Nd7 7. d4 dxe4 8. Nxe4 Ngf6 9. Bg2 Be7 10. O-O Nxe4 11. Qxe4 Nf6 12. Qe3 O-O 13. c4 Qb6 14. b3 Rad8 15. Bb2 Qa5 16. Rfd1 Ba3 17. Bc3 Bb4 18. Bxb4 Qxb4 19. a3 Qe7 20. b4 Rd7 21. g4 h6 22. f4 Rfd8 23. g5 Nh7 24. gxh6 gxh6 25. Kh2 Qf6 26. d5 cxd5 27. cxd5 exd5 28. Rd4 Nf8 29. Rg1 Kh8 30. f5 Re7 31. Qd2 Re5 32. Rg4 Rxf5 33. Kh1 Rh5 34. Rf1 Qe6 35. Qd4+ Qe5 36. Qxa7 Ne6 37. Qxb7 Ng5 38. h4 Qe2 39. Rgf4 Rg8 40. Qb6 Ne6 41. Qf2 Nxf4 42. Qxe2 Nxe2 43. Rxf7 Rxh4+ 0-1


[Site "https://www.chess.com"]

[Event "Titled Tuesday Blitz May 10 Early 2022"]
[White "Matveeva, Olga"]
[Black "Vlassov, Nikolai"]
[WhiteFideId "24107018"]
[BlackFideId "4103360"]
[WhiteElo "2052"]
[BlackElo "2407"]
[Result "1/2-1/2"]
[Round "08"]
[TimeControl "180+1"]
[Date "2022.05.11"]
[WhiteClock "0:00:32"]
[BlackClock "0:01:03"]

1. d4 Nf6 2. c4 Nc6 3. Nf3 e6 4. g3 Bb4+ 5. Bd2 a5 6. Bg2 d6 7. O-O e5 8. Bc3 Qe7 9. dxe5 dxe5 10. a3 Bc5 11. e3 Bg4 12. Qc2 O-O 13. Nbd2 a4 14. h3 Bh5 15. Ne4 Nxe4 16. Qxe4 Bg6 17. Qh4 Qxh4 18. Nxh4 Bd3 19. Rfd1 Bxc4 20. Bxc6 bxc6 21. Bxe5 Rab8 22. Rac1 Bb3 23. Rd7 Bd6 24. Bxd6 cxd6 25. Rxd6 Bd5 26. Nf5 Rxb2 27. Ne7+ Kh8 28. Nxd5 cxd5 29. Rxd5 Rb3 30. Ra5 Rxa3 31. Rc4 Ra1+ 32. Kg2 a3 33. Rc3 g6 34. Rcxa3 Rxa3 35. Rxa3 h5 36. Ra7 Kg8 37. g4 hxg4 38. hxg4 Rb8 39. Kg3 Rb4 40. f4 Kg7 41. Kf3 Rc4 42. g5 Rb4 43. e4 Rb3+ 44. Kg4 Rb1 45. f5 gxf5+ 46. exf5 Rg1+ 47. Kf4 Rf1+ 48. Ke4 Re1+ 49. Kd3 Re5 50. g6 Rxf5 51. Rxf7+ Kxg6 52. Rxf5 Kxf5 1/2-1/2


[Site "https://www.chess.com"]

[Event "Titled Tuesday Blitz May 10 Early 2022"]
[White "Maximov, Dmitry"]
[Black "Sarana, Alexey"]
[WhiteFideId "14105659"]
[BlackFideId "24133795"]
[WhiteElo "2494"]
[BlackElo "2666"]
[Result "0-1"]
[Round "08"]
[TimeControl "180+1"]
[Date "2022.05.10"]
[WhiteClock "0:00:34"]
[BlackClock "0:01:37"]

1. e4 c5 2. Nf3 d6 3. Bb5+ Nd7 4. O-O a6 5. Bd3 b5 6. Re1 Bb7 7. Bf1 Ngf6 8. d3 g6 9. a4 Bg7 10. Nc3 b4 11. Ne2 O-O 12. Ng3 a5 13. Rb1 e5 14. b3 d5 15. h3 h6 16. Nh2 Re8 17. Ng4 Nxg4 18. Qxg4 Nf6 19. Qf3 c4 20. dxc4 dxe4 21. Qe2 Qc7 22. Be3 Nd7 23. Rbd1 f5 24. Bc1 Nc5 25. h4 f4 26. Nh1 Rad8 27. Qg4 Qf7 28. Rxd8 Rxd8 29. Rd1 Rf8 30. Rd6 Kh7 31. Qd1 e3 32. fxe3 f3 33. g3 f2+ 34. Kh2 Bf3 35. Qd2 Ne4 36. Qd3 Bxh1 37. h5 Qf3 38. Rxg6 Qxh5+ 39. Bh3 Qxg6 40. Kxh1 Nxg3+ 0-1


[Site "https://www.chess.com"]

[Event "Titled Tuesday Blitz May 10 Early 2022"]
[White "Melikhov, Evgeny V."]
[Black "Omariev, Maksim"]
[WhiteFideId "4122046"]
[BlackFideId "4193423"]
[WhiteElo "1931"]
[BlackElo "2513"]
[Result "1-0"]
[Round "08"]
[TimeControl "180+1"]
[Date "2022.05.11"]
[WhiteClock "0:00:16"]
[BlackClock "0:00:01"]

1. d4 d5 2. c4 e6 3. Nc3 Be7 4. cxd5 exd5 5. Nf3 c6 6. Qc2 Bg4 7. Ne5 Bh5 8. Bf4 Nd7 9. e3 Nxe5 10. Bxe5 Nf6 11. Bd3 Bg6 12. Bxg6 hxg6 13. O-O-O Qa5 14. f3 O-O-O 15. Kb1 Bd6 16. Rc1 Bxe5 17. dxe5 Nd7 18. f4 f6 19. Rhd1 Kb8 20. e6 Nc5 21. Nxd5 Nxe6 22. Ne7 Rxh2 23. Qxc6 bxc6 24. Nxc6+ Kb7 25. Nxa5+ Ka6 26. Rxd8 Nxd8 27. Nc6 Nxc6 28. Rxc6+ Kb7 29. Re6 Rxg2 30. Re7+ Kb6 31. Rxg7 a5 32. e4 Kc5 33. f5 g5 34. Rg6 Kd4 35. Rxf6 Kxe4 36. Ra6 g4 37. Rxa5 g3 38. f6 Rf2 39. Rg5 g2 40. f7 Ke3 41. Rxg2 Rf1+ 42. Kc2 Rxf7 43. Rg4 Rf2+ 44. Kc3 Rf7 45. a4 Rb7 46. b4 Ra7 47. a5 Rc7+ 48. Rc4 Rb7 49. a6 Ra7 50. b5 Ra8 51. Kb4 Kd3 52. Rh4 Kc2 53. Ka5 Kb3 54. b6 Rg8 55. a7 Rg5+ 56. Ka6 Rg8 57. Rh7 Kb4 58. Kb7 Kb5 59. a8=Q Rg6 60. Qa6+ Kc5 61. Rh5+ Kb4 62. Qe2 1-0


[Site "https://www.chess.com"]

[Event "Titled Tuesday Blitz May 10 Early 2022"]
[White "Mica, Marek"]
[Black "Horak, Martin"]
[WhiteFideId "382884"]
[BlackFideId "367095"]
[WhiteElo "2100"]
[BlackElo "1997"]
[Result "1-0"]
[Round "08"]
[TimeControl "180+1"]
[Date "2022.05.11"]
[WhiteClock "0:00:28"]
[BlackClock "0:00:16"]

1. Nf3 c5 2. g3 Nf6 3. c4 g6 4. Bg2 Bg7 5. O-O O-O 6. Nc3 Nc6 7. d4 cxd4 8. Nxd4 d6 9. Nxc6 bxc6 10. Bxc6 Bh3 11. Bg2 Bxg2 12. Kxg2 Qc7 13. b3 Qb7+ 14. f3 Ne4 15. Nxe4 Bxa1 16. Bh6 Bg7 17. Bxg7 Kxg7 18. Qa1+ Kg8 19. Rd1 Rfd8 20. h4 d5 21. cxd5 Rxd5 22. Rc1 Rc8 23. Qb2 Rxc1 24. Qxc1 Qd7 25. Qc4 Rd1 26. Qb4 Qd4 27. Qxe7 Qg1+ 28. Kh3 Qh1+ 29. Kg4 f5+ 30. Kg5 fxe4 31. Kh6 Rd8 1-0


[Site "https://www.chess.com"]

[Event "Titled Tuesday Blitz May 10 Early 2022"]
[White "Mikhalsky, Vladimir"]
[Black "Karolczuk, Iwo"]
[WhiteFideId "14144352"]
[BlackFideId "21816972"]
[WhiteElo "2301"]
[BlackElo "2258"]
[Result "0-1"]
[Round "08"]
[TimeControl "180+1"]
[Date "2022.05.11"]
[WhiteClock "0:00:09"]
[BlackClock "0:00:15"]

1. d4 Nf6 2. c4 g6 3. f3 c5 4. d5 Bg7 5. e4 d6 6. Nc3 O-O 7. Be3 e6 8. Qd2 exd5 9. cxd5 Na6 10. Bc4 Nc7 11. a4 b6 12. Nge2 a6 13. O-O Rb8 14. Qd3 Qd7 15. f4 b5 16. axb5 axb5 17. Ba2 Ng4 18. Bd2 c4 19. Qg3 b4 20. Nd1 b3 21. Bb1 f5 22. Bc3 fxe4 23. Bxe4 Nf6 24. Bf3 Ncxd5 25. Bd4 Nb4 26. Ra7 Bb7 27. Ndc3 Nc6 28. Bxc6 Qxc6 29. f5 Nh5 30. Qg4 Nf6 31. Qg3 Rbe8 32. fxg6 h6 33. Nf4 Ne4 34. Nxe4 Bxd4+ 35. Nf2 Rxf4 36. Rxb7 Bxf2+ 37. Kh1 Bxg3 38. Rxf4 Re1+ 0-1


[Site "https://www.chess.com"]

[Event "Titled Tuesday Blitz May 10 Early 2022"]
[White "Miszler, Levente"]
[Black "Bommini, Mounika Akshaya"]
[WhiteFideId "763276"]
[BlackFideId "25019872"]
[WhiteElo "1966"]
[BlackElo "1671"]
[Result "0-1"]
[Round "08"]
[TimeControl "180+1"]
[Date "2022.05.11"]
[WhiteClock "0:02:09"]
[BlackClock "0:01:49"]

1. Nf3 Nf6 2. c4 c5 3. g3 Nc6 4. Bg2 g6 5. O-O Bg7 6. Nc3 O-O 7. d3 d6 8. a3 e5 9. Rb1 h6 10. b4 cxb4 11. axb4 Be6 12. b5 Ne7 13. Nd2 Qd7 14. Qb3 Bh3 15. Ba3 Rfd8 16. Bxd6 Bxg2 17. Bxe7 Qh3 18. Bxd8 Ng4 19. Nf3 Bxf3 20. exf3 Qxh2# 0-1


[Site "https://www.chess.com"]

[Event "Titled Tuesday Blitz May 10 Early 2022"]
[White "Mitrabha, Guha"]
[Black "Bachmann, Axel"]
[WhiteFideId "5057000"]
[BlackFideId "3700488"]
[WhiteElo "2468"]
[BlackElo "2587"]
[Result "0-1"]
[Round "08"]
[TimeControl "180+1"]
[Date "2022.05.10"]
[WhiteClock "0:00:09"]
[BlackClock "0:00:09"]

1. d4 Nf6 2. Nf3 g6 3. g3 Bg7 4. Bg2 O-O 5. c4 d6 6. O-O Nbd7 7. Nc3 e5 8. Qc2 Re8 9. Rd1 c6 10. b3 e4 11. Ng5 e3 12. fxe3 Ng4 13. Nge4 Ndf6 14. h3 Nxe4 15. Nxe4 Nh6 16. Nf2 Nf5 17. e4 Nxd4 18. Qd3 Nxe2+ 19. Qxe2 Bxa1 20. c5 d5 21. Qc2 Qf6 22. exd5 Bf5 23. Qc4 cxd5 24. Bxd5 Rad8 25. Bf4 Be5 26. Bxe5 Rxe5 27. Bxf7+ Kg7 28. Rxd8 Qxd8 29. g4 Qf6 30. Bd5 Be6 31. Bxe6 Qxe6 32. Qd4 Qd5 33. Qc3 Qxc5 34. Qb2 Kg8 35. Qd2 Qd5 36. Qc2 Re1+ 37. Kh2 Qd6+ 38. Kg2 Qc6+ 39. Qxc6 bxc6 40. Kf3 Ra1 41. Ne4 Rxa2 42. Nc5 Rc2 43. Ne4 Kf7 44. Kf4 Kg7 45. h4 a5 46. Ke5 Rh2 47. Kf4 Rxh4 48. Kg5 Rh1 49. Nc5 h6+ 50. Kf4 Rc1 51. Ne6+ Kf6 52. Nd4 Rc3 53. Ke4 c5 54. Nb5 Rxb3 55. Nc7 Rb4+ 56. Kd5 Kg5 57. Kxc5 Rxg4 58. Kb5 a4 59. Ne6+ Kh4 60. Nc5 a3 61. Nb3 a2 62. Na1 Rg1 0-1


[Site "https://www.chess.com"]

[Event "Titled Tuesday Blitz May 10 Early 2022"]
[White "Morefield, Jason"]
[Black "Stepanencu, Nicodim-Cosmin"]
[WhiteFideId "30920825"]
[BlackFideId "1256220"]
[WhiteElo "2171"]
[BlackElo "1945"]
[Result "1-0"]
[Round "08"]
[TimeControl "180+1"]
[Date "2022.05.11"]
[WhiteClock "0:00:06"]
[BlackClock "0:00:02"]

1. Nf3 b5 2. e4 Bb7 3. Bxb5 Bxe4 4. O-O Nf6 5. Re1 Bb7 6. d4 e6 7. c4 Be7 8. d5 O-O 9. Nc3 c6 10. d6 cxb5 11. dxe7 Qxe7 12. Nxb5 d5 13. Bf4 Rd8 14. c5 Na6 15. Bd6 Qd7 16. a4 Ne4 17. Rc1 f6 18. Nfd4 Nxd6 19. Nxd6 e5 20. N4b5 Bc6 21. Qd2 Nc7 22. Qa5 Ne6 23. Red1 a6 24. Nc3 d4 25. Nce4 Rab8 26. Qd2 Bxa4 27. Re1 Bc6 28. f3 Rb3 29. Qc2 Rdb8 30. Rb1 Nf4 31. Kh1 Nd3 32. Qc4+ Kf8 33. Re2 R8b4 34. Qc2 Bb5 35. Rd2 Ba4 36. Qd1 Nxc5 37. Nxc5 Qxd6 38. Nxb3 Bxb3 39. Qe1 a5 40. Rc1 Bd5 41. Rdc2 h6 42. Rc8+ 1-0


[Site "https://www.chess.com"]

[Event "Titled Tuesday Blitz May 10 Early 2022"]
[White "Moussard, Jules"]
[Black "Karacsonyi, Gellert"]
[WhiteFideId "642908"]
[BlackFideId "764620"]
[WhiteElo "2589"]
[BlackElo "2187"]
[Result "1-0"]
[Round "08"]
[TimeControl "180+1"]
[Date "2022.05.10"]
[WhiteClock "0:02:08"]
[BlackClock "0:00:16"]

1. Nf3 Nf6 2. b3 d5 3. Bb2 e6 4. g3 Be7 5. Bg2 O-O 6. O-O c5 7. e3 Nc6 8. d3 b6 9. Nbd2 Bb7 10. Ne5 Nd7 11. f4 f6 12. Nxc6 Bxc6 13. Qg4 Kf7 14. Bh3 Qc7 15. Qh5+ Kg8 16. Bxe6+ Kh8 17. Bf5 h6 18. Qg6 Kg8 19. Ne4 dxe4 20. dxe4 Qb7 21. Rad1 Bd8 22. Qh7+ Kf7 23. Bg6+ Ke7 24. Qxg7+ 1-0


[Site "https://www.chess.com"]

[Event "Titled Tuesday Blitz May 10 Early 2022"]
[White "Namitbir Singh Walia"]
[Black "Csonka, Balazs"]
[WhiteFideId "35071068"]
[BlackFideId "742910"]
[WhiteElo "1565"]
[BlackElo "2404"]
[Result "0-1"]
[Round "08"]
[TimeControl "180+1"]
[Date "2022.05.11"]
[WhiteClock "0:00:02"]
[BlackClock "0:00:02"]

1. d4 Nf6 2. c4 g6 3. g3 Bg7 4. Bg2 O-O 5. Nf3 d6 6. O-O Nc6 7. Nc3 e5 8. h3 Nxd4 9. Nxd4 exd4 10. Qxd4 Nd7 11. Qd5 Nb6 12. Qd3 a5 13. e4 a4 14. Be3 a3 15. b3 Nd7 16. Rac1 b6 17. Rfd1 Bb7 18. f4 Nc5 19. Qd2 Bxc3 20. Qxc3 Nxe4 21. Bxe4 Bxe4 22. f5 f6 23. fxg6 hxg6 24. Rd4 f5 25. Bh6 Rf7 26. Rf1 Qe7 27. Rf4 Re8 28. Qd2 Bc6 29. Rf1 Qe2 30. Qxe2 Rxe2 31. Rd2 Rfe7 32. Rf2 Re1+ 33. Rf1 R7e2 34. Rxe1 Rxe1+ 35. Kf2 Ra1 36. Ke3 Be4 37. Bf4 Bb1 38. c5 bxc5 39. g4 Rxa2 40. Rd1 Rb2 0-1


[Site "https://www.chess.com"]

[Event "Titled Tuesday Blitz May 10 Early 2022"]
[White "Needleman, Alejandro"]
[Black "Fromm, Marius"]
[WhiteFideId "100730"]
[BlackFideId "12993190"]
[WhiteElo "2340"]
[BlackElo "2515"]
[Result "1-0"]
[Round "08"]
[TimeControl "180+1"]
[Date "2022.05.11"]
[WhiteClock "0:00:06"]
[BlackClock "0:00:01"]

1. e4 c5 2. Nf3 d6 3. Bc4 Nf6 4. Qe2 e6 5. O-O Nc6 6. c3 Be7 7. Bb3 O-O 8. d4 b6 9. Bf4 a5 10. Rd1 a4 11. Bc4 Na5 12. Bb5 Qc7 13. Bxa4 Bb7 14. Bc2 Rfc8 15. Na3 cxd4 16. cxd4 Nc4 17. Nxc4 Qxc4 18. Qxc4 Rxc4 19. Bb3 Rcc8 20. e5 dxe5 21. dxe5 Nd5 22. Bg3 g5 23. Nd4 h5 24. f3 h4 25. Bf2 Nf4 26. h3 Bc5 27. Nb5 Bxf2+ 28. Kxf2 Rc5 29. Nd6 Bc6 30. Rd4 Rxe5 31. Rc1 Re2+ 32. Kf1 Bxf3 33. gxf3 Rxb2 34. Rc7 Rd8 35. Nf5 Rxd4 36. Nxd4 Nxh3 37. Nxe6 Rb1+ 38. Ke2 Ng1+ 39. Kf2 fxe6 40. Bxe6+ Kh8 41. Rb7 h3 42. Kg3 h2 43. Kxh2 Nxf3+ 44. Kg3 Nd4 45. Bd5 Rb4 46. Kg4 Ne6+ 47. Kf5 Nf4 48. Bb3 Rb5+ 49. Kf6 Rc5 50. Rb8+ Kh7 51. Bg8+ Kh6 52. Be6 g4 53. Rh8# 1-0


[Site "https://www.chess.com"]

[Event "Titled Tuesday Blitz May 10 Early 2022"]
[White "Nilsen, Tobias Lang"]
[Black "Jeet, Jain"]
[WhiteFideId "1521624"]
[BlackFideId "5073022"]
[WhiteElo "2014"]
[BlackElo "2028"]
[Result "0-1"]
[Round "08"]
[TimeControl "180+1"]
[Date "2022.05.11"]
[WhiteClock "0:01:37"]
[BlackClock "0:01:56"]

1. f4 d6 2. Nf3 g6 3. g3 Bg7 4. Bg2 Nf6 5. O-O O-O 6. d3 c5 7. Nc3 Nc6 8. e4 e6 9. h3 d5 10. Qe1 Rb8 11. g4 Nd4 12. Qf2 Ne8 13. f5 b5 14. Bg5 Nxf3+ 15. Qxf3 Qxg5 16. exd5 exd5 17. Nxd5 Bb7 18. c4 Bxb2 19. Rab1 Bd4+ 20. Kh1 Nc7 21. f6 Nxd5 22. cxd5 b4 23. Rbe1 Rbd8 24. Qf4 Qxf4 25. Rxf4 Bxd5 26. Bxd5 Rxd5 27. Re7 g5 28. Rf3 Rd6 29. Rxa7 Rxf6 30. Rxf6 Bxf6 31. Rc7 Bd4 32. Kg2 Ra8 33. Kf3 Rxa2 34. Ke4 b3 35. Kf5 b2 36. h4 gxh4 37. Kg5 b1=Q 38. Kh6 Qc1+ 39. g5 Bg7+ 40. Kh5 Qd1+ 41. Kxh4 Rh2+ 0-1


[Site "https://www.chess.com"]

[Event "Titled Tuesday Blitz May 10 Early 2022"]
[White "Nogerbek, Kazybek"]
[Black "Terry, Renato"]
[WhiteFideId "13710427"]
[BlackFideId "3803457"]
[WhiteElo "2441"]
[BlackElo "2577"]
[Result "0-1"]
[Round "08"]
[TimeControl "180+1"]
[Date "2022.05.10"]
[WhiteClock "0:00:01"]
[BlackClock "0:00:01"]

1. Nf3 Nf6 2. c4 b6 3. g3 Bb7 4. Bg2 c5 5. O-O g6 6. b3 Bg7 7. Bb2 O-O 8. Nc3 Nc6 9. d4 Nxd4 10. Nxd4 Bxg2 11. Kxg2 cxd4 12. Qxd4 d6 13. Rfd1 Qd7 14. Nd5 Qb7 15. Kg1 Rac8 16. Rac1 Rc5 17. Ne3 Rfc8 18. Qd3 Rh5 19. Bxf6 Bxf6 20. Nd5 Bg7 21. Qe4 Kf8 22. e3 Qd7 23. h4 Re8 24. a4 Re5 25. Qg2 h6 26. Rc2 Qf5 27. Rcd2 Qe4 28. a5 Qxg2+ 29. Kxg2 bxa5 30. Ra2 Rb8 31. Rd3 e6 32. Nc7 Ke7 33. Nb5 Rexb5 34. cxb5 Rxb5 35. b4 axb4 36. Rxa7+ Ke8 37. Rxd6 b3 38. Rc6 Rb8 39. Rc1 b2 40. Rb1 Rc8 41. Rb7 Rc2 42. Kf3 Bf6 43. Rb4 Kf8 44. Rb7 Kg7 45. Kg2 g5 46. hxg5 hxg5 47. Kf3 Kg6 48. g4 Rd2 49. Rb5 Rc2 50. Rb7 Be5 51. Rb5 Kf6 52. Rb7 Bc3 53. Rb6 Ke5 54. Rb5+ Kd6 55. Rb6+ Kc5 56. Rb8 Kc4 57. Rb7 f6 58. Rb6 e5 59. Rb7 e4+ 60. Kxe4 Rxf2 61. Rc7+ Kb3 62. Rd1 Rd2 63. Rh1 Kc2 64. Rb7 Rf2 0-1


[Site "https://www.chess.com"]

[Event "Titled Tuesday Blitz May 10 Early 2022"]
[White "Odegov, Artem"]
[Black "Turutin, Alexander"]
[WhiteFideId "34183644"]
[BlackFideId "4180623"]
[WhiteElo "2286"]
[BlackElo "2402"]
[Result "0-1"]
[Round "08"]
[TimeControl "180+1"]
[Date "2022.05.11"]
[WhiteClock "0:01:44"]
[BlackClock "0:01:24"]

1. d4 Nf6 2. c4 g6 3. Nc3 Bg7 4. e4 d6 5. h3 O-O 6. Be3 Na6 7. Bd3 e5 8. d5 Nc5 9. Bc2 a5 10. g4 c6 11. Nge2 cxd5 12. cxd5 Bd7 13. a4 h5 14. f3 Rc8 15. Qd2 Nh7 16. gxh5 Qh4+ 17. Bf2 Qxh5 18. O-O-O Bxa4 19. Nxa4 Nb3+ 20. Kb1 Nxd2+ 21. Rxd2 b5 22. Nac3 b4 23. Ng3 Qxf3 24. Nb5 Bh6 25. Re2 b3 26. Bd1 Qd3+ 0-1


[Site "https://www.chess.com"]

[Event "Titled Tuesday Blitz May 10 Early 2022"]
[White "Oganian, Miran"]
[Black "Bluebaum, Matthias"]
[WhiteFideId "4122488"]
[BlackFideId "24651516"]
[WhiteElo "2357"]
[BlackElo "2556"]
[Result "1/2-1/2"]
[Round "08"]
[TimeControl "180+1"]
[Date "2022.05.10"]
[WhiteClock "0:00:21"]
[BlackClock "0:00:34"]

1. e4 c6 2. d4 d5 3. Nc3 dxe4 4. Nxe4 Nf6 5. Nxf6+ exf6 6. Bd3 Qxd4 7. Nf3 Qd6 8. O-O Be7 9. Re1 O-O 10. Nd4 g6 11. Bh6 Re8 12. c3 Nd7 13. Qf3 Ne5 14. Qg3 Bd7 15. Bc2 Bf8 16. Bf4 Bg7 17. Rad1 Qc7 18. h4 h5 19. Bb3 c5 20. Nf3 c4 21. Bxe5 fxe5 22. Bxc4 Bg4 23. Bd5 Bf6 24. Re4 Rad8 25. c4 Kg7 26. Rde1 b5 27. b3 bxc4 28. bxc4 Rd7 29. Nxe5 Rde7 30. Nxg4 Qxg3 31. fxg3 hxg4 32. Rxe7 Rxe7 33. Rxe7 Bxe7 34. Kf2 Bc5+ 35. Ke2 f5 36. Be6 Kf6 37. Bd7 Bd6 38. Kf2 Bc5+ 39. Ke2 Ke7 40. Bc6 Kf7 41. Bd5+ Kf6 42. Bc6 Bd6 43. Kf2 Be5 44. Be8 Bd4+ 45. Ke2 Bc5 46. h5 gxh5 47. Bxh5 Bd6 48. Kf2 Bc5+ 49. Ke2 Bd6 50. Be8 Bxg3 51. c5 Ke6 52. c6 Bc7 53. Bd7+ Ke5 54. g3 Kf6 55. Kf2 Kg5 56. Kg2 Bd6 57. Kf2 Be5 58. a4 Bc7 59. Kg2 Bd6 60. a5 a6 61. Bc8 Bc7 62. Bxa6 Bxa5 63. Bc8 Bc7 64. Bd7 Bd6 65. Bc8 Be5 66. Bd7 Bd6 67. Bc8 Kf6 68. Bb7 Bc7 69. Ba6 Ke5 70. Bd3 Ke6 71. Bc2 Be5 72. Bb1 Bd6 73. Bc2 Bc7 74. Bb1 Ke5 75. Bc2 Bb6 76. Bd3 Kf6 77. Bc2 Kg5 78. Bb1 Bc7 79. Bc2 Be5 80. Bd3 Bd6 81. Bc2 Kg6 82. Bb1 Kf6 83. Bd3 Ke6 84. Bc2 Bc7 85. Bb1 Be5 86. Ba2+ Kf6 87. Bb1 Bc7 88. Bc2 Kg5 89. Bd3 Kf6 90. Bc2 Kg5 91. Bd3 Kf6 92. Bc2 1/2-1/2


[Site "https://www.chess.com"]

[Event "Titled Tuesday Blitz May 10 Early 2022"]
[White "Olsen, Filip Boe"]
[Black "Kwon, Sehyun"]
[WhiteFideId "1440640"]
[BlackFideId "13203088"]
[WhiteElo "2247"]
[BlackElo "1778"]
[Result "1-0"]
[Round "08"]
[TimeControl "180+1"]
[Date "2022.05.11"]
[WhiteClock "0:00:33"]
[BlackClock "0:00:03"]

1. d4 d5 2. Nf3 c6 3. Bf4 Nf6 4. e3 Bg4 5. c4 e6 6. Nc3 Nbd7 7. Qb3 Qc8 8. Be2 Be7 9. Rc1 O-O 10. O-O Ne4 11. Rfd1 Nxc3 12. bxc3 Re8 13. cxd5 exd5 14. c4 Nf6 15. Rb1 Ne4 16. cxd5 cxd5 17. Rdc1 Qf5 18. Qxb7 Bxf3 19. Bxf3 Nd2 20. Qxd5 Qg6 21. Rb7 Rad8 22. Rxe7 Nxf3+ 23. Kh1 Nd2 24. Rxe8+ Rxe8 25. h3 Ne4 26. Kg1 h6 27. Qc6 Re6 28. Qa8+ Kh7 29. Rc8 Qf5 30. Rh8+ Kg6 31. Rg8 Nf6 32. Rb8 Nh5 33. g4 Qd3 34. gxh5+ Kxh5 35. Qf3+ Kg6 36. Be5 Kh7 37. Kh2 Rg6 38. Qxf7 Rg5 39. Qg8+ Kg6 40. Qxg7+ Kh5 41. Qf7+ Kh4 42. Bg3+ 1-0


[Site "https://www.chess.com"]

[Event "Titled Tuesday Blitz May 10 Early 2022"]
[White "Omelja, Artem"]
[Black "Cherniaiev, Tykhon"]
[WhiteFideId "14119846"]
[BlackFideId "14182360"]
[WhiteElo "2382"]
[BlackElo "2289"]
[Result "0-1"]
[Round "08"]
[TimeControl "180+1"]
[Date "2022.05.11"]
[WhiteClock "0:00:01"]
[BlackClock "0:00:43"]

1. d4 Nf6 2. c4 e6 3. Nf3 d5 4. Nc3 Be7 5. Bg5 O-O 6. e3 dxc4 7. Bxc4 c5 8. O-O cxd4 9. Nxd4 Nc6 10. Nxc6 bxc6 11. Qe2 Qa5 12. Bh4 Rb8 13. Rfd1 Bb7 14. Rd2 Ba8 15. Rad1 h6 16. Bb3 Rb4 17. Bxf6 Bxf6 18. Rd7 c5 19. f3 Rfb8 20. R1d2 Bc6 21. R7d6 Qc7 22. Ne4 Be7 23. Qa6 Bxd6 24. Rxd6 Bxe4 25. fxe4 c4 26. Bd1 Rxb2 27. e5 c3 28. Rc6 Qxe5 29. Qd3 Rd2 30. Qf1 Qxe3+ 31. Kh1 Qf2 32. Qxf2 Rxf2 0-1


[Site "https://www.chess.com"]

[Event "Titled Tuesday Blitz May 10 Early 2022"]
[White "Ovezdurdyyeva, Jemal"]
[Black "Lauridsen, Jesper Morch"]
[WhiteFideId "14001888"]
[BlackFideId "1401890"]
[WhiteElo "1946"]
[BlackElo "2216"]
[Result "1-0"]
[Round "08"]
[TimeControl "180+1"]
[Date "2022.05.11"]
[WhiteClock "0:00:15"]
[BlackClock "0:00:06"]

1. e4 c5 2. Nf3 d6 3. d4 cxd4 4. Nxd4 Nf6 5. Nc3 g6 6. Bc4 Bg7 7. O-O Nc6 8. Be3 O-O 9. f3 Bd7 10. Qd2 Rc8 11. Bb3 a6 12. Na4 b5 13. Nxc6 Rxc6 14. Nc3 Qc8 15. a4 b4 16. Nd5 Nxd5 17. exd5 Rc7 18. Rab1 a5 19. Kh1 Rb7 20. Rfe1 Qe8 21. Bg5 f6 22. Bf4 Qd8 23. Re2 g5 24. Bg3 h6 25. Rbe1 Bf5 26. Bc4 Qc7 27. b3 Bg6 28. Bf2 f5 29. Ba6 Bc3 30. Qd3 Bxe1 31. Rxe1 Rbb8 32. Re6 Rf6 33. Re2 f4 34. Qd1 Rf7 35. Bd4 Qd7 36. Re6 Kh7 37. Qe2 Rg8 38. Bd3 Bxd3 39. Qxd3+ 1-0


[Site "https://www.chess.com"]

[Event "Titled Tuesday Blitz May 10 Early 2022"]
[White "Panesar Vedant"]
[Black "Vovk, Orest"]
[WhiteFideId "35033018"]
[BlackFideId "14113490"]
[WhiteElo "1975"]
[BlackElo "2203"]
[Result "1-0"]
[Round "08"]
[TimeControl "180+1"]
[Date "2022.05.11"]
[WhiteClock "0:00:14"]
[BlackClock "0:00:11"]

1. e4 g5 2. d4 g4 3. Nc3 Bg7 4. Bg5 c5 5. dxc5 Bxc3+ 6. bxc3 Nc6 7. Qxg4 Qa5 8. Ne2 Qxc5 9. Be3 Qe5 10. f4 Qxe4 11. Qg7 Qxe3 12. Qxh8 Kf8 13. Qxh7 d6 14. Qd3 Qc5 15. Nd4 Nf6 16. Be2 Bd7 17. O-O Kg7 18. Qg3+ Kf8 19. Qd3 Kg7 20. Kh1 Rh8 21. Rae1 Kf8 22. Bf3 Rh6 23. Qe3 Ng8 24. Nxc6 Qxe3 25. Rxe3 Bxc6 26. Rb1 Bxf3 27. Rxf3 b6 28. a4 Rh5 29. Rb5 Rh6 30. a5 Re6 31. h3 bxa5 32. Rxa5 Nf6 33. Rxa7 Re1+ 34. Kh2 Ne4 35. h4 f5 36. h5 Nf6 37. Ra5 Ng4+ 38. Kg3 Nh6 39. c4 Kf7 40. c5 dxc5 41. Rxc5 Rh1 42. Re5 Rxh5 43. Rfe3 Ng8 44. c4 Rh6 45. Rxf5+ Ke8 46. Rfe5 Rg6+ 47. Kf2 Rc6 48. c5 Kf7 49. Kf3 Rc7 50. g4 Nf6 51. g5 Nh5 52. Kg4 Ng7 53. f5 e6 54. fxe6+ Ke7 55. Rf3 Ke8 56. Rf7 Nxe6 57. Rxc7 Kd8 58. Rxe6 1-0


[Site "https://www.chess.com"]

[Event "Titled Tuesday Blitz May 10 Early 2022"]
[White "Petre, Nad-Titus"]
[Black "Moskvin, Anatoly"]
[WhiteFideId "1204165"]
[BlackFideId "24199990"]
[WhiteElo "2354"]
[BlackElo "2079"]
[Result "1-0"]
[Round "08"]
[TimeControl "180+1"]
[Date "2022.05.11"]
[WhiteClock "0:00:06"]
[BlackClock "0:00:08"]

1. e4 e5 2. Nf3 Nc6 3. d4 exd4 4. Nxd4 Bc5 5. Nb3 Bb6 6. Nc3 Nge7 7. Qe2 O-O 8. Be3 f5 9. f3 fxe4 10. fxe4 d6 11. O-O-O Ng6 12. Nd5 Nge5 13. h3 Be6 14. g4 Bxe3+ 15. Nxe3 a5 16. Kb1 a4 17. Nc1 Qe7 18. h4 Ra6 19. g5 Rb6 20. Bh3 Na5 21. Bxe6+ Qxe6 22. Nd5 Rc6 23. h5 Nac4 24. Qh2 Rc5 25. Nc3 Na3+ 26. Ka1 Nf3 27. Qh3 Nxc2+ 28. Kb1 Na3+ 29. Ka1 Qxh3 30. Rxh3 Nc2+ 31. Kb1 Ncd4 32. Nd3 Rb5 33. Nd5 Rxd5 34. exd5 Re8 35. g6 hxg6 36. hxg6 Kf8 37. Rdh1 Ke7 38. Rh8 Rxh8 39. Rxh8 Kf6 40. Rc8 Nb5 41. Nf4 Kg5 42. Rf8 Ne5 43. Kc2 Nxg6 44. Nxg6 Kxg6 45. Kd3 c6 46. Kc4 Nc7 47. dxc6 b5+ 48. Kd3 Kg5 49. Rd8 d5 50. Rd7 Ne6 51. c7 Nc5+ 52. Kd4 Nxd7 53. c8=Q Nf6 54. Qd8 Kf4 55. Qf8 Kf5 56. Qxg7 1-0


[Site "https://www.chess.com"]

[Event "Titled Tuesday Blitz May 10 Early 2022"]
[White "Piesik, Piotr"]
[Black "Samadov, Read"]
[WhiteFideId "1136194"]
[BlackFideId "13417444"]
[WhiteElo "2190"]
[BlackElo "2084"]
[Result "0-1"]
[Round "08"]
[TimeControl "180+1"]
[Date "2022.05.10"]
[WhiteClock "0:00:04"]
[BlackClock "0:00:04"]

1. Nf3 Nf6 2. g3 d5 3. Bg2 c6 4. O-O Bg4 5. d3 Nbd7 6. Nbd2 e5 7. e4 dxe4 8. dxe4 Bc5 9. h3 Bxf3 10. Qxf3 O-O 11. a4 a5 12. Nb3 Bb6 13. Rd1 Qe7 14. Be3 Bxe3 15. Qxe3 Rfd8 16. Qc3 Qb4 17. Qxb4 axb4 18. a5 c5 19. Bf1 Nxe4 20. Bb5 Ndf6 21. Kg2 Nd6 22. Be2 c4 23. Nc5 Rac8 24. Na4 c3 25. bxc3 bxc3 26. Ra3 Ra8 27. Nb6 Ra7 28. Rxc3 h5 29. Rcd3 Nfe8 30. Bxh5 Rxa5 31. Nc4 Ra6 32. Nxe5 Rc8 33. c4 Ra5 34. Rd5 Rxd5 35. Rxd5 g6 36. Be2 Kg7 37. c5 Ne4 38. Rd7 Rc7 39. Bc4 Rxd7 40. Nxd7 Nc7 41. Bd3 Nc3 42. f4 Ne6 43. Bc4 Nd4 44. Kf2 Nd1+ 45. Ke1 Ne3 46. Bd3 Ne6 47. Kf2 Nd5 48. Nb6 Nxc5 49. Nxd5 Nxd3+ 50. Ke3 Nc5 51. Kd4 Ne6+ 52. Ke5 b5 53. Nc3 b4 54. Na4 b3 55. Ke4 Nc5+ 0-1


[Site "https://www.chess.com"]